 Dungeon Crawl Stone Soup version 0.22-a0-422-g9628fc8 (webtiles) character file.

25846 Borgoz the Distorting Demonspawn (level 12, -3/95 HPs)
             Began as a Demonspawn Abyssal Knight on May 16, 2018.
             Was a Believer of Lugonu.
             Slain by a deep troll (11 damage)
             ... on level 2 of the Orcish Mines.
             The game lasted 00:29:09 (17311 turns).

Borgoz the Distorting Demonspawn (DsAK)            Turns: 17311, Time: 00:29:10

Health: -3/95      AC:  8    Str: 19    XL:     12   Next: 93%
Magic:  17/20      EV: 15    Int: 14    God:    Lugonu [**....]
Gold:   1182       SH:  0    Dex: 19    Spells: 11/11 levels left

rFire    . . .     SeeInvis .   h - +9 broad axe of Fee Simple {chop, Str+3}
rCold    . . .     Gourm    .   (no shield)
rNeg     . . .     Faith    .   K - +0 scale mail
rPois    +         Spirit   .   (helmet restricted)
rElec    .         Reflect  .   (no cloak)
rCorr    .         Harm     .   (no gloves)
MR       +....                  (no boots)
Stlth    +.........             (no amulet)
HPRegen  0.25/turn              r - ring of Zozosk {MR+ Str+3 Dex+2 Stlth+}
MPRegen  0.17/turn              i - ring of poison resistance

@: hasted, very quick
A: antennae 1, claws 2, hooves 1, rot immunity
a: Depart the Abyss, Bend Space, Renounce Religion


You were on level 2 of the Orcish Mines.
You worshipped Lugonu.
Lugonu was pleased with you.
You were hungry.

You visited 4 branches of the dungeon, and saw 13 of its levels.
You visited the Abyss 1 time.
You also visited: Bailey.

You collected 1182 gold pieces.

Inventory:

Hand Weapons
 e - the +10 morningstar of Lur Paad {venom, rN+ Int+3}
   (You found it on level 2 of the Abyss)

   It poisons the flesh of those it strikes.
   It affects your intelligence (+3).
   It protects you from negative energy.
 h - the +9 broad axe of Fee Simple (weapon) {chop, Str+3}
   (You found it on level 7 of the Dungeon)

   It inflicts extra damage upon your enemies.
   It affects your strength (+3).
Missiles
 x - 11 tomahawks of returning (quivered)
Armour
 v - a +0 large shield of positive energy
 K - a +0 scale mail (worn)
Jewellery
 i - a ring of poison resistance (right claw)
 q - an uncursed ring of protection from fire
 r - the ring of Zozosk (left claw) {MR+ Str+3 Dex+2 Stlth+}
   (You found it on level 5 of the Dungeon)

   [ring of stealth]

   It affects your strength (+3).
   It affects your dexterity (+2).
   It affects your resistance to hostile enchantments.
   It makes you more stealthy.
Wands
 k - a wand of disintegration (2)
 u - a wand of polymorph (21)
 w - a wand of clouds (1)
 E - a wand of flame (29)
 F - a wand of digging (13)
Scrolls
 a - a scroll of blinking
 f - 5 scrolls of teleportation
 j - 4 scrolls of enchant weapon
 n - a scroll of remove curse
 y - a scroll of acquirement {unknown}
 H - a scroll of immolation {unknown}
 L - a scroll of fear {unknown}
Potions
 g - 6 potions of curing
 l - 3 potions of brilliance
 m - 4 potions of haste
 o - 2 potions of lignification
 p - a potion of mutation
 s - a potion of berserk rage {unknown}
 z - 2 potions of resistance
 D - a potion of invisibility {unknown}
 G - a potion of agility {unknown}
 I - a potion of flight {unknown}
 J - a potion of cancellation {unknown}
Miscellaneous
 A - a fan of gales
Comestibles
 c - 13 rations


   Skills:
 + Level 9.1 Fighting
 * Level 10.9(11.3) Axes
 - Level 5.0(8.7) Maces & Flails
 + Level 8.1 Armour
 + Level 7.9 Dodging
 + Level 11.3 Invocations


You had 11 spell levels left.
You didn't know any spells.
Your spell library contained the following spells:

 Spells                   Type           Power        Failure   Level  Hunger
 Pain                     Necr           #...         58%         1    ##.....
 Sublimation of Blood     Necr           #.........   75%         2    ###....
 Stone Arrow              Conj/Erth      #.....       92%         3    ####...
 Spider Form              Tmut/Pois      #.........   92%         3    ####...
 Blade Hands              Tmut           #.........   100%        5    ######.
 Ice Form                 Ice/Tmut       #.......     100%        4    #####..
 Sticks to Snakes         Tmut           #.......     75%         2    ###....
 Petrify                  Tmut/Erth      #.......     100%        4    #####..
 Beastly Appendage        Tmut           #.....       58%         1    ##.....


Dungeon Overview and Level Annotations

Branches:
Dungeon (9/15)             Temple (1/1) D:6            Lair (1/6) D:9
    Orc (2/2) D:9             Elf (0/3) Orc:2

Altars:
Ashenzari
Cheibriados
Dithmenos
Elyvilon
Fedhas
Gozag
Hepliaklqana
Kikubaaqudgha
Makhleb
Nemelex Xobeh
Okawaru
Qazlal
Ru
Sif Muna
Trog
Uskayaw
Vehumet
Wu Jian
Xom
Yredelemnul
Zin
The Shining One
Beogh

Shops:
D:8 (   Orc:1 (   Orc:2 [

Annotations:
Orc:2 Sonja


Innate Abilities, Weirdness & Mutations

You have a pair of small antennae on your head.
You have very sharp fingernails.
You have large cloven feet.
You are immune to rotting.


Message History

You create a blast of flame!
The ogre is engulfed in blazing flames.
An ogre comes into view. It is wielding a giant club.
The two-headed ogre is engulfed in blazing flames.
The ogre is engulfed in blazing flames.
You kill the ogre!
Lugonu accepts your kill.
The two-headed ogre is engulfed in blazing flames.
The two-headed ogre is engulfed in blazing flames.
The deep troll closely misses you. The deep troll misses you.
The deep troll claws you!
The two-headed ogre is engulfed in blazing flames.
The deep troll bites you! The deep troll closely misses you.
The deep troll claws you but does no damage.
The deep troll closely misses you. The deep troll claws you!
* * * LOW HITPOINT WARNING * * *
The deep troll claws you!
* * * LOW HITPOINT WARNING * * *
You feel yourself speed up. The deep troll barely misses you.
The deep troll misses you. The deep troll claws you!
You die...

.................#
.................###
.....###..#........#
......######......#### ..[..##
##.........# ## ....###
###..<...##### $.#
......###.........## #.##
).......#..........### ###...##
)..............#@T...###......#
................O.....#......#
...#.........#..(().))...#...#
##.##........##.(()..o......#
#####......######[)........#
#....#### ##..§§......#.### #
#...#.# #...§§§......$...# ##
#..#### ##.O§§§§...#...... .#
##.# ###..............


You could see a two-headed ogre, a deep troll, an ogre and an orc.

Vanquished Creatures
  The ghost of p0werm0de the Cleaver, a journeyman DDFi of Makhleb (Orc:2)
  Harold (Orc:1)
  An ogre mage (Orc:2)
  3 two-headed ogres (Orc:2)
  A cyclops (Orc:2)
  4 trolls
  A hippogriff (D:7)
  4 hogs (D:7)
  A human (D:7)
  A steam dragon (D:8)
  A warg (Orc:1)
  2 water moccasins
  13 orc warriors
  A sky beast (D:9)
  7 ice beasts
  A phantom (D:9)
  2 centaurs
  15 ogres
  A crocodile (D:9)
  8 bullfrogs
  3 scorpions
  3 killer bees (D:8)
  3 wights (D:6)
  A howler monkey (D:9)
  2 electric eels (D:3)
  3 crimson imps
  A quasit (D:7)
  2 hounds
  3 jellies
  A bullfrog skeleton (D:4)
  13 orc priests
  13 orc wizards
  Jessica (D:3)
  A statue (D:4)
  7 worker ants
  A killer bee zombie (D:7)
  A worker ant zombie (D:9)
  A howler monkey skeleton (D:5)
  A gnoll (Bailey)
  6 adders
  2 shadow imps
  4 worms
  A dart slug (D:1)
  6 leopard geckos
  55 orcs
  6 giant cockroaches
  15 goblins
  10 hobgoblins
  10 jackals
  20 kobolds
  3 quokkas
  2 ball pythons
  11 bats
  A frilled lizard (D:3)
  A quokka skeleton (D:7)
  6 rats
289 creatures vanquished.

Vanquished Creatures (collateral kills)
  A two-headed ogre (Orc:2)
1 creature vanquished.

Vanquished Creatures (others)
  2 orc warlords
  A deep troll (Orc:1)
  2 orc knights (Bailey)
  2 orc sorcerers
  A cyclops (Orc:1)
  A komodo dragon (Lair:1)
  3 trolls (Orc:1)
  4 orc warriors (Orc:1)
  2 ogres (Orc:1)
  An orc priest (Orc:1)
19 creatures vanquished.

Grand Total: 309 creatures vanquished

Notes
Turn   | Place    | Note
-------+----------+-------------------------------------------
     0 | Abyss:1  | Borgoz the Demonspawn Abyssal Knight began the quest for the Orb.
     0 | Abyss:1  | Reached XP level 1. HP: 18/18 MP: 2/2
    42 | Abyss:2  | Found a corrupted altar of Lugonu.
    48 | Abyss:2  | Got a brightly glowing morningstar
    52 | Abyss:2  | Identified the +10 morningstar of Lur Paad {venom, rN+ Int+3} (You found it on level 2 of the Abyss)
    84 | Abyss:2  | Noticed a small abomination
    85 | D:1      | Escaped the Abyss
   180 | D:1      | Reached skill level 1 in Dodging
   234 | D:1      | Reached * piety under Lugonu
   263 | D:1      | Gained mutation: You have a pair of small antennae on your head. [demonic ancestry]
   263 | D:1      | Reached XP level 2. HP: 13/24 MP: 4/4
   777 | D:1      | Gained mutation: You have large cloven feet. [demonic ancestry]
   777 | D:1      | Reached XP level 3. HP: 18/29 MP: 5/5
   897 | D:1      | Reached skill level 3 in Invocations
  1151 | D:2      | Reached skill level 1 in Maces & Flails
  1443 | D:2      | Gained mutation: You have sharp fingernails. [demonic ancestry]
  1443 | D:2      | Reached XP level 4. HP: 28/35 MP: 6/6
  1650 | D:2      | Reached ** piety under Lugonu
  1871 | D:3      | Noticed Jessica
  1878 | D:3      | Killed Jessica
  2211 | D:3      | Reached XP level 5. HP: 42/42 MP: 7/7
  2398 | D:3      | Found a transporter.
  2447 | D:3      | Found a transporter.
  2612 | D:4      | Got a slimy robe
  2623 | D:4      | Identified the +1 robe "Kaxoir" {Int+8 Slay-3} (You found it on level 4 of the Dungeon)
  2676 | D:4      | Reached skill level 4 in Invocations
  2680 | D:4      | Gained mutation: You have very sharp fingernails. [demonic ancestry]
  2680 | D:4      | Reached XP level 6. HP: 32/48 MP: 7/9
  2693 | D:4      | Found a radiant altar of Vehumet.
  3616 | D:4      | Found a deep blue altar of Sif Muna.
  3616 | D:4      | Found a glowing silver altar of Zin.
  3792 | D:5      | Entered Level 5 of the Dungeon
  3799 | D:5      | Reached XP level 7. HP: 54/55 MP: 10/10
  3878 | D:5      | Reached skill level 5 in Invocations
  4058 | D:5      | Reached *** piety under Lugonu
  4064 | D:5      | Found a shimmering altar of Xom.
  4066 | D:5      | Found a shimmering altar of Xom.
  4067 | D:5      | Got a warped glass ring
  4069 | D:5      | Identified the ring of Zozosk {MR+ Str+3 Dex+2 Stlth+} (You found it on level 5 of the Dungeon)
  4219 | D:5      | Found a shimmering altar of Xom.
  4220 | D:5      | Found a shimmering altar of Xom.
  4220 | D:5      | Found a shimmering altar of Xom.
  4221 | D:5      | Found a shimmering altar of Xom.
  4222 | D:5      | Found a shimmering altar of Xom.
  4414 | D:6      | Found a staircase to the Ecumenical Temple.
  4427 | D:6      | Reached skill level 5 in Fighting
  4429 | Temple   | Entered the Ecumenical Temple
  4626 | D:6      | Reached XP level 8. HP: 52/62 MP: 12/12
  4904 | D:6      | Reached skill level 6 in Invocations
  5664 | D:6      | Found a hazy altar of Hepliaklqana.
  5911 | D:6      | Reached skill level 7 in Invocations
  6136 | D:6      | Reached skill level 5 in Armour
  6565 | D:7      | Gained mutation: You are immune to rotting. [demonic ancestry]
  6565 | D:7      | Reached XP level 9. HP: 50/69 MP: 14/14
  6743 | D:7      | Reached skill level 5 in Dodging
  7116 | D:7      | Reached skill level 5 in Maces & Flails
  7245 | D:7      | Reached **** piety under Lugonu
  7416 | D:7      | Got a dazzling broad axe
  7417 | D:7      | Identified the +9 broad axe of Fee Simple {chop, Str+3} (You found it on level 7 of the Dungeon)
  7476 | D:7      | Reached skill level 8 in Invocations
  8221 | D:8      | Found a flagged portal.
  8237 | Bailey   | Entered a bailey
  8242 | Bailey   | Noticed an orc warlord
  8351 | Bailey   | Noticed an orc knight
  8354 | Bailey   | Banished an orc knight
  8401 | Bailey   | Found a runed gate.
  8403 | Bailey   | Found a runed gate.
  8404 | Bailey   | Found a runed gate.
  8411 | Bailey   | Noticed an orc knight
  8420 | Bailey   | Banished an orc knight
  8549 | Bailey   | Banished an orc warlord
  8549 | Bailey   | Reached XP level 10. HP: 79/79 MP: 16/16
  8578 | Bailey   | Identified the Incunabulum of Earth and Dark Magic
  8601 | D:8      | Reached skill level 9 in Invocations
  9069 | D:8      | Found Byquv's Weapon Emporium.
 10188 | D:9      | Found a staircase to the Orcish Mines.
 10356 | D:9      | Found an opulent altar of Gozag.
 10759 | D:9      | Found a staircase to the Lair.
 10835 | Lair:1   | Entered Level 1 of the Lair of Beasts
 11004 | Orc:1    | Entered Level 1 of the Orcish Mines
 11510 | Orc:1    | Reached skill level 5 in Axes
 11964 | Orc:1    | Reached skill level 10 in Invocations
 12190 | Orc:1    | Found a roughly hewn altar of Beogh.
 12207 | Orc:1    | Noticed an orc sorcerer
 12208 | Orc:1    | Paralysed by an orc sorcerer for 3 turns
 12215 | Orc:1    | Banished an orc sorcerer
 12518 | D:9      | HP: 4/80 [orc warrior/battleaxe (20)]
 12520 | D:9      | Reached XP level 11. HP: 31/86 MP: 18/18
 13188 | Orc:1    | Noticed Harold
 13327 | Orc:1    | Killed Harold
 13824 | Orc:1    | Found Joeczufu's Antique Weapon Boutique.
 14036 | Orc:2    | Entered Level 2 of the Orcish Mines
 14036 | Orc:2    | Found a staircase to the Elven Halls.
 14144 | Orc:2    | Noticed p0werm0de's ghost (journeyman DDFi)
 14245 | Orc:2    | Killed p0werm0de's ghost
 14432 | Orc:2    | Found Lovep's Antique Armour Emporium.
 14444 | Orc:2    | Noticed an orc sorcerer
 14468 | Orc:2    | Banished an orc sorcerer
 14737 | Orc:2    | Noticed an orc warlord
 15428 | Orc:1    | Reached skill level 10 in Axes
 15428 | Orc:1    | Reached XP level 12. HP: 73/94 MP: 19/19
 15515 | Orc:2    | Banished an orc warlord
 15887 | Orc:2    | HP: 1/94 [troll (7)]
 16832 | Orc:2    | Noticed a two-headed ogre
 16838 | Orc:2    | Killed a two-headed ogre
 16839 | Orc:2    | Noticed a two-headed ogre
 16840 | Orc:2    | Noticed Sonja
 16858 | Orc:2    | Killed a two-headed ogre
 16859 | Orc:2    | Noticed a two-headed ogre
 16865 | Orc:2    | Reached skill level 11 in Invocations
 16867 | Orc:2    | Noticed a two-headed ogre
 16868 | Orc:2    | Killed a two-headed ogre
 17230 | Orc:2    | Killed a two-headed ogre
 17281 | Orc:2    | Noticed an ogre mage
 17291 | Orc:2    | Killed an ogre mage
 17298 | Orc:2    | Noticed an ettin
 17300 | Orc:2    | Noticed a two-headed ogre
 17302 | Orc:2    | Banished an ettin
 17311 | Orc:2    | Slain by a deep troll

Vault maps used:
D:1:      minmay_arrival_loop
D:2:      first_ration
D:3:      gammafunk_steamed_eel, minmay_misc_feat_enclosed,
          minmay_misc_feat_encased, kennysheep_small_spiral, uniq_jessica
D:4:      vehumet_statue, gammafunk_temple_overflow_wave, grunt_decor_arrowhead
D:5:      xom_redecorated, bh_walls_and_bars
D:6:      lemuel_round_altar, minmay_temple_entry_mist, serial_co_window_serial,
          co_window_corner_a, co_window_cross_1, co_window_paths_b,
          co_window_of_opportunity_a, co_window_paths_b, co_window_paths_b,
          co_window_unsneaky_path_d, co_window_corner_cb, co_window_broadway_b,
          co_window_unsneaky_path_c, glass_columns_a, glass_columns_c,
          glass_columns_a, glass_columns_c, st_stairs_7
D:7:      mumra_transporter_accident, grunt_livestock
D:8:      enter_bailey_3, serial_shops, nicolae_shop_behind_doors
D:9:      nicolae_overflow_crystal_walls, grunt_lair_entry_orc_guard_hut,
          orc_0_dummy, patterned_corridor
Temple:   nicolae_temple_x_marks_the_god
Lair:1:   grunt_megastairs_2, infiniplex_staircase_pool_2
Orc:1:    serial_shops, shop, basic_altar, uniq_harold
Orc:2:    st_orc_open, serial_shops, shop, uniq_sonja
Bailey:   bailey_axe_bossmonster_kennysheep, bailey

Skill      XL: |  1  2  3  4  5  6  7  8  9 10 11 12 |
---------------+-------------------------------------+-----
Dodging        | 1 2 3 4 6 7 |  7.9
Armour         | 2 3 4 5 6 7 8 |  8.1
Invocations    | 3 4 5 7 8 10 11 | 11.3
Maces & Flails | 1 2 3 4 5 |  5.0
Fighting       | 4 5 6 7 8 9 |  9.1
Axes           | 3 5 10 | 10.9

Action                   |  1- 3 |  4- 6 |  7- 9 | 10-12 || total
-------------------------+-------+-------+-------+-------++-------
Melee: Morningstar       |    64 |   123 |   137 |       ||   324
       Kick              |     5 |    21 |    45 |    83 ||   154
       Broad axe         |       |       |    52 |   245 ||   297
Throw: Tomahawk          |       |       |    28 |       ||    28
Invok: Depart the Abyss  |     1 |       |       |       ||     1
       Banish            |       |       |     2 |    19 ||    21
Evoke: Wand              |       |       |       |    10 ||    10
  Use: Scroll            |       |     7 |     5 |     6 ||    18
       Potion            |       |     1 |     1 |     9 ||    11
 Stab: Sleeping          |       |       |     7 |     6 ||    13
       Confused          |       |       |       |     1 ||     1
  Eat: Chunk             |     2 |     7 |    16 |    18 ||    43
       Ration            |       |       |       |     4 ||     4
Armor: Leather armour    |    19 |    24 |    19 |    10 ||    72
       Scale mail        |       |       |       |    48 ||    48
       Skin              |       |       |       |     5 ||     5
Dodge: Dodged            |    45 |    96 |   210 |   233 ||   584

Table legend:
 A = Spawn XP
 B = Non-spawn XP
 C = Spawn XP percentage of total XP
 D = Spawn monster count
 E = Non-spawn monster count
 F = Spawn count percentage of total count
 G = Total turns spent on level
                    A         B        C        D         E        F      G
               +---------+---------+-------+---------+---------+-------+---------
         Total |       0 |   24126 |   0.0 |       0 |     310 |   0.0 | 17311
               +---------+---------+-------+---------+---------+-------+---------
           D:1 |       0 |      46 |   0.0 |       0 |      26 |   0.0 |  1029
           D:2 |       0 |      57 |   0.0 |       0 |      18 |   0.0 |   633
           D:3 |       0 |     294 |   0.0 |       0 |      28 |   0.0 |   842
           D:4 |       0 |     414 |   0.0 |       0 |      23 |   0.0 |  1329
           D:5 |       0 |     212 |   0.0 |       0 |       7 |   0.0 |   789
           D:6 |       0 |    1637 |   0.0 |       0 |      31 |   0.0 |  1891
           D:7 |       0 |    1995 |   0.0 |       0 |      23 |   0.0 |  1680
           D:8 |       0 |     700 |   0.0 |       0 |      20 |   0.0 |  1079
           D:9 |       0 |    2286 |   0.0 |       0 |      30 |   0.0 |  2515
        Lair:1 |       0 |     488 |   0.0 |       0 |       3 |   0.0 |   133
         Orc:1 |       0 |    5194 |   0.0 |       0 |      46 |   0.0 |  3636
         Orc:2 |       0 |    9280 |   0.0 |       0 |      28 |   0.0 |  1262
        Bailey |       0 |    1523 |   0.0 |       0 |      27 |   0.0 |   350
               +---------+---------+-------+---------+---------+-------+---------
